NCAA
WEST VIRGINIA MOUNTAINEERS @ VIRGINIA CAVALIERS
04/18/2023
 
TOP OF THE 1ST
West Virginia Mountaineers batting - Pitching for Virginia Cavaliers : RHP Lloyd Davis
Pitching: RHP Lloyd Davis
Batting: LHB John Stone 0-0: Foul Ball, location: 2F
0-1: Swinging Strike
0-2: Strikes out swinging
Batting: RHB Bobby Armstrong 0-0: Called Strike
0-1: Called Strike
0-2: Ball
1-2: Ball
2-2: Strikes out swinging
Batting: LHB Charlie Hughes 0-0: Foul Ball, location: 2F
0-1: Foul Ball, location: 2F
0-2: Foul Ball, location: 2F
0-2: Foul Ball, location: 2F
0-2: Strikes out swinging
Top of the 1st over - 0 run(s), 0 hit(s), 0 error(s), 0 left on base; West Virginia 0 - Virginia 0
BOTTOM OF THE 1ST
Virginia Cavaliers batting - Pitching for West Virginia Mountaineers : RHP José González
Pitching: RHP José González
Batting: LHB John Frost 0-0: Ball
1-0: Called Strike
1-1: Ball
2-1: Foul Ball, location: 2F
2-2: Ball
3-2: Strikes out swinging
Batting: RHB Curt Owens 0-0: SINGLE (Groundball, 56D)
Batting: RHB John Warren 0-0: Swinging Strike
0-1: Ball
Passed Ball!
Curt Owens to second
1-1: Ball
2-1: Foul Ball, location: 2F
2-2: 2-RUN HOME RUN (Flyball, 7LD), Distance : 314 ft
Batting: LHB José Márquez 0-0: Foul Ball, location: 2F
0-1: Foul Ball, location: 2F
0-2: Strikes out swinging
Batting: RHB Rafael Ornelas 0-0: Called Strike
0-1: Ball
1-1: Ball
2-1: Ball
3-1: Fly out, F7 (Flyball, 78M)
Bottom of the 1st over - 2 run(s), 2 hit(s), 0 error(s), 0 left on base; West Virginia 0 - Virginia 2
TOP OF THE 2ND
West Virginia Mountaineers batting - Pitching for Virginia Cavaliers : RHP Lloyd Davis
Batting: RHB Von Ford 0-0: Ball
1-0: Ground out 6-3 (Groundball, 6)
Batting: LHB Dave Gordon 0-0: Called Strike
0-1: Ground out 4-3 (Groundball, 4)
Batting: LHB Buddy Rice 0-0: Called Strike
0-1: Called Strike
0-2: Ball
1-2: Ball
2-2: Foul Ball, location: 2F
2-2: Strikes out swinging
Top of the 2nd over - 0 run(s), 0 hit(s), 0 error(s), 0 left on base; West Virginia 0 - Virginia 2
BOTTOM OF THE 2ND
Virginia Cavaliers batting - Pitching for West Virginia Mountaineers : RHP José González
Batting: RHB John Dorsey 0-0: Called Strike
0-1: Ball
1-1: Foul Ball, location: 2F
1-2: Foul Ball, location: 2F
1-2: Ball
2-2: Ball
3-2: SINGLE (Groundball, 56S)
Batting: RHB Jeremy Johnston 0-0: Called Strike
0-1: Foul Ball, location: 2F
0-2: Strikes out swinging
Batting: RHB Ty Ford 0-0: Ball
1-0: Ball
2-0: Ball
3-0: Called Strike
3-1: Foul Ball, location: 2F
3-2: Strikes out swinging
Batting: RHB Flynn Green 0-0: Ball
1-0: Ball
2-0: Swinging Strike
2-1: Foul Ball, location: 2F
2-2: Strikes out swinging
Bottom of the 2nd over - 0 run(s), 1 hit(s), 0 error(s), 1 left on base; West Virginia 0 - Virginia 2
TOP OF THE 3RD
West Virginia Mountaineers batting - Pitching for Virginia Cavaliers : RHP Lloyd Davis
Batting: RHB Ramón Aranda 0-0: Called Strike
0-1: Ball
1-1: Ball
2-1: Swinging Strike
2-2: Strikes out swinging
Batting: RHB Cal Dorsey 0-0: Called Strike
0-1: Ball
1-1: Foul Ball, location: 2F
1-2: Ground out 5-3 (Groundball, 56)
Batting: RHB Scott Mooney 0-0: Called Strike
0-1: Foul Ball, location: 2F
0-2: Ball
1-2: Foul Ball, location: 2F
1-2: Ground out U3 (Groundball, 3)
Top of the 3rd over - 0 run(s), 0 hit(s), 0 error(s), 0 left on base; West Virginia 0 - Virginia 2
BOTTOM OF THE 3RD
Virginia Cavaliers batting - Pitching for West Virginia Mountaineers : RHP José González
Batting: LHB John Frost 0-0: Ball
1-0: Called Strike
1-1: Ball
2-1: Foul Ball, location: 2F
2-2: Foul Ball, location: 2F
2-2: Strikes out swinging
Batting: RHB Curt Owens 0-0: Swinging Strike
0-1: Foul Ball, location: 2F
0-2: Ball
1-2: Foul Ball, location: 2F
1-2: Ball
2-2: Ball
3-2: Fly out, F9 (Flyball, 89M)
Batting: RHB John Warren 0-0: Called Strike
0-1: Ball
1-1: Swinging Strike
1-2: Strikes out swinging
Bottom of the 3rd over - 0 run(s), 0 hit(s), 0 error(s), 0 left on base; West Virginia 0 - Virginia 2
TOP OF THE 4TH
West Virginia Mountaineers batting - Pitching for Virginia Cavaliers : RHP Lloyd Davis
Batting: LHB John Stone 0-0: Ball
1-0: Ball
2-0: Called Strike
2-1: Ball
3-1: Swinging Strike
3-2: Foul Ball, location: 2F
3-2: Foul Ball, location: 2F
3-2: Foul Ball, location: 2F
3-2: Ground out 1-3 (Groundball, 13S)
Batting: RHB Bobby Armstrong 0-0: Ball
1-0: Called Strike
1-1: SINGLE (Groundball, 56)
Batting: LHB Charlie Hughes 0-0: Called Strike
0-1: Ball
1-1: Ball
2-1: Ball
3-1: Foul Ball, location: 2F
3-2: Base on Balls
Bobby Armstrong to second
Batting: RHB Von Ford 0-0: Called Strike
0-1: Fly out, F9 (Flyball, 89S)
Batting: LHB Dave Gordon 0-0: Ball
Wild Pitch!
Bobby Armstrong to third
Charlie Hughes to second
1-0: Swinging Strike
1-1: Ball
Wild Pitch!
Bobby Armstrong scores
Charlie Hughes to third
2-1: Ground out U3 (Groundball, 3S)
Top of the 4th over - 1 run(s), 1 hit(s), 0 error(s), 1 left on base; West Virginia 1 - Virginia 2
BOTTOM OF THE 4TH
Virginia Cavaliers batting - Pitching for West Virginia Mountaineers : RHP José González
Batting: LHB José Márquez 0-0: Called Strike
0-1: Called Strike
0-2: Ball
1-2: Strikes out swinging
Batting: RHB Rafael Ornelas 0-0: Called Strike
0-1: Called Strike
0-2: Foul Ball, location: 2F
0-2: Foul Ball, location: 2F
0-2: Ball
1-2: Fly out, F8 (Flyball, 8LD)
Batting: RHB John Dorsey 0-0: Called Strike
0-1: Ball
1-1: Ball
2-1: Foul Ball, location: 2F
Single, Error in OF, E9, batter to second base
Batting: RHB Jeremy Johnston 0-0: Swinging Strike
0-1: Ball
1-1: Swinging Strike
1-2: Foul Ball, location: 2F
1-2: Strikes out looking
Bottom of the 4th over - 0 run(s), 1 hit(s), 1 error(s), 1 left on base; West Virginia 1 - Virginia 2
TOP OF THE 5TH
West Virginia Mountaineers batting - Pitching for Virginia Cavaliers : RHP Lloyd Davis
Batting: LHB Buddy Rice 0-0: Ball
1-0: SINGLE (Line Drive, 6MD)
Batting: RHB Ramón Aranda 0-0: Ball
1-0: Foul Ball, location: 2F
1-1: Swinging Strike
1-2: Foul Ball, location: 2F
1-2: Foul Ball, location: 2F
1-2: Foul Ball, location: 2F
1-2: Strikes out swinging
Batting: RHB Cal Dorsey 0-0: Ball
1-0: Ball
2-0: Ball
3-0: Base on Balls
Buddy Rice to second
Batting: RHB Scott Mooney 0-0: Fly out, F4 (Popup, 4MD)
Batting: LHB John Stone 0-0: Ball
1-0: Foul Ball, location: 2F
1-1: Foul Ball, location: 2F
1-2: 3-RUN HOME RUN (Flyball, 89XD), Distance : 372 ft
Batting: RHB Bobby Armstrong 0-0: Ball
1-0: Called Strike
1-1: Fly out, F6 (Popup, 6MD)
Top of the 5th over - 3 run(s), 2 hit(s), 0 error(s), 0 left on base; West Virginia 4 - Virginia 2
BOTTOM OF THE 5TH
Virginia Cavaliers batting - Pitching for West Virginia Mountaineers : RHP José González
Batting: RHB Ty Ford 0-0: Swinging Strike
0-1: Called Strike
0-2: Ball
1-2: Foul Ball, location: 2F
1-2: Ball
2-2: Foul Ball, location: 2F
2-2: Strikes out swinging
Pitching: LHP Curt Bennett
Batting: RHB Flynn Green 0-0: Called Strike
0-1: Foul Ball, location: 2F
0-2: Ball
1-2: Ball
2-2: Ground out 5-3 (Groundball, 56)
Batting: LHB John Frost 0-0: Ball
1-0: Ball
2-0: SINGLE (Flyball, 9M)
Batting: RHB Curt Owens 0-0: Ball
John Frost is caught stealing 2nd base
Bottom of the 5th over - 0 run(s), 1 hit(s), 0 error(s), 0 left on base; West Virginia 4 - Virginia 2
TOP OF THE 6TH
West Virginia Mountaineers batting - Pitching for Virginia Cavaliers : RHP Lloyd Davis
Pitching: RHP Doug Caine
Batting: LHB Charlie Hughes 0-0: Foul Ball, location: 2F
0-1: Called Strike
0-2: Ball
1-2: SOLO HOME RUN (Flyball, 78XD), Distance : 369 ft
Batting: RHB Von Ford 0-0: Swinging Strike
0-1: Ball
1-1: Foul Ball, location: 2F
1-2: SINGLE (Line Drive, 3L)
Batting: LHB Dave Gordon 0-0: Called Strike
0-1: Ball
1-1: Grounds into double play, 5-4-3 (Groundball, 56)
Batting: LHB Buddy Rice 0-0: Ball
1-0: Called Strike
1-1: Ball
2-1: Ball
3-1: Base on Balls
Batting: RHB Ramón Aranda 0-0: Ball
1-0: Called Strike
1-1: Swinging Strike
1-2: Ball
2-2: Strikes out looking
Top of the 6th over - 1 run(s), 2 hit(s), 0 error(s), 1 left on base; West Virginia 5 - Virginia 2
BOTTOM OF THE 6TH
Virginia Cavaliers batting - Pitching for West Virginia Mountaineers : LHP Curt Bennett
Batting: RHB Curt Owens 0-0: Ball
1-0: Called Strike
1-1: Called Strike
1-2: Foul Ball, location: 2F
1-2: Foul Ball, location: 2F
1-2: Fly out, F6 (Popup, 6D)
Batting: RHB John Warren 0-0: Fly out, F9 (Popup, 4D)
Batting: LHB José Márquez 0-0: Ball
1-0: Swinging Strike
1-1: Foul Ball, location: 2F
1-2: Strikes out looking
Bottom of the 6th over - 0 run(s), 0 hit(s), 0 error(s), 0 left on base; West Virginia 5 - Virginia 2
TOP OF THE 7TH
West Virginia Mountaineers batting - Pitching for Virginia Cavaliers : RHP Doug Caine
Batting: RHB Cal Dorsey 0-0: Ball
1-0: Ball
2-0: Foul Ball, location: 2F
2-1: Called Strike
2-2: Foul Ball, location: 2F
2-2: Ball
3-2: Strikes out looking
Batting: RHB Scott Mooney 0-0: SINGLE (Groundball, 4D)
Batting: LHB John Stone 0-0: Called Strike
0-1: Swinging Strike
0-2: Foul Ball, location: 2F
0-2: Ball
1-2: Strikes out swinging
Batting: RHB Bobby Armstrong 0-0: Called Strike
0-1: Called Strike
0-2: Ball
1-2: Ball
Scott Mooney steals 2nd base
2-2: Ball
3-2: Strikes out swinging
Top of the 7th over - 0 run(s), 1 hit(s), 0 error(s), 1 left on base; West Virginia 5 - Virginia 2
BOTTOM OF THE 7TH
Virginia Cavaliers batting - Pitching for West Virginia Mountaineers : LHP Curt Bennett
Batting: RHB Rafael Ornelas 0-0: Called Strike
0-1: SINGLE (Flyball, 7LS)
Batting: RHB John Dorsey 0-0: Ball
1-0: Called Strike
1-1: Foul Ball, location: 2F
1-2: Strikes out swinging
Pitching: RHP Jack Hampton
Batting: RHB Jeremy Johnston 0-0: Called Strike
0-1: Ball
1-1: Ball
2-1: Ball
3-1: Swinging Strike
3-2: Foul Ball, location: 2F
3-2: Strikes out swinging
Batting: RHB Ty Ford 0-0: Ball
1-0: Fly out, F9 (Flyball, 9S)
Bottom of the 7th over - 0 run(s), 1 hit(s), 0 error(s), 1 left on base; West Virginia 5 - Virginia 2
TOP OF THE 8TH
West Virginia Mountaineers batting - Pitching for Virginia Cavaliers : RHP Doug Caine
Pitching: RHP Bill Ward
Batting: LHB Charlie Hughes 0-0: Ball
1-0: Swinging Strike
1-1: Called Strike
1-2: Ball
2-2: Strikes out swinging
Batting: RHB Von Ford 0-0: Ball
1-0: Fly out, F9 (Line Drive, 89M)
Batting: LHB Dave Gordon 0-0: Ball
1-0: Ball
2-0: Ball
3-0: Called Strike
3-1: Base on Balls
Batting: LHB Buddy Rice 0-0: Fly out, F8 (Flyball, 8LXD)
Top of the 8th over - 0 run(s), 0 hit(s), 0 error(s), 1 left on base; West Virginia 5 - Virginia 2
BOTTOM OF THE 8TH
Virginia Cavaliers batting - Pitching for West Virginia Mountaineers : RHP Jack Hampton
Batting: RHB Flynn Green 0-0: Ball
1-0: Ball
2-0: Foul Ball, location: 2F
2-1: SINGLE (Groundball, 56)
Pitching: LHP Ron Spence
Batting: LHB John Frost 0-0: Ball
1-0: Foul Ball, location: 2F
1-1: Called Strike
1-2: Foul Ball, location: 2F
1-2: Ground out 4-3 (Groundball, 34D)
Flynn Green to second
Pitching: RHP David Robbins
Batting: RHB Curt Owens 0-0: Called Strike
0-1: Foul Ball, location: 2F
0-2: Ball
1-2: Ball
2-2: Foul Ball, location: 2F
2-2: Ball
3-2: Base on Balls
Batting: RHB John Warren 0-0: Called Strike
0-1: Ball
1-1: Foul Ball, location: 2F
1-2: Strikes out swinging
Batting: LHB José Márquez 0-0: Ball
1-0: SINGLE (Line Drive, 6)
Flynn Green to third
Curt Owens to second
Runner from 3rd tries for Home, SAFE, throw made home
Curt Owens to third
José Márquez to second
Batting: RHB Rafael Ornelas 0-0: Called Strike
0-1: Fly out, F6 (Line Drive, 56)
Bottom of the 8th over - 1 run(s), 2 hit(s), 0 error(s), 2 left on base; West Virginia 5 - Virginia 3
TOP OF THE 9TH
West Virginia Mountaineers batting - Pitching for Virginia Cavaliers : RHP Bill Ward
Batting: RHB Ramón Aranda 0-0: Called Strike
0-1: Ball
1-1: Called Strike
1-2: Ball
2-2: Ground out 5-3 (Groundball, 5L)
Batting: RHB Cal Dorsey 0-0: Ball
1-0: Foul Ball, location: 2F
1-1: Fly out, F3 (Popup, 3L)
Batting: RHB Scott Mooney 0-0: Foul Ball, location: 2F
0-1: Ground out 5-3 (Groundball, 56)
Top of the 9th over - 0 run(s), 0 hit(s), 0 error(s), 0 left on base; West Virginia 5 - Virginia 3
BOTTOM OF THE 9TH
Virginia Cavaliers batting - Pitching for West Virginia Mountaineers : RHP David Robbins
Pitching: RHP Cameron Zimmerman
Batting: RHB John Dorsey 0-0: Called Strike
0-1: Ball
1-1: Fly out, F9 (Flyball, 9LMF)
Batting: RHB Jeremy Johnston 0-0: Fly out, F8 (Flyball, 8RS)
Batting: RHB Ty Ford 0-0: SINGLE (Line Drive, 8LS)
Pinch Hitting: RHB David Crosby 0-0: Ball
1-0: SINGLE (Line Drive, 8LS)
Ty Ford to second
Batting: LHB John Frost 0-0: Foul Ball, location: 2F
0-1: Foul Ball, location: 2F
0-2: Ball
1-2: Ball
2-2: Ball
3-2: Base on Balls
Ty Ford to third
David Crosby to second
Batting: RHB Curt Owens 0-0: Ball
1-0: Called Strike
1-1: Foul Ball, location: 2F
1-2: Strikes out swinging
Bottom of the 9th over - 0 run(s), 2 hit(s), 0 error(s), 3 left on base; West Virginia 5 - Virginia 3
This league is powered by Out of the Park Baseball, the baseball management simulation game for PC, Mac and Linux
Wednesday, December 2nd, 2015 - OOTP Baseball 16.8 Build 38